[Event "*** MasterClass Titled Tuesday Blitz"]
[Site "Chess.com"]
[Date "2017.08.01"]
[Round "1"]
[White "AllStarShark"]
[Black "OldweakGM"]
[Result "0-1"]
[WhiteElo "2301"]
[BlackElo "2606"]
[TimeControl "180+2"]
[EndTime "13:08:12 PDT"]
[Termination "OldweakGM won by resignation"]

1. d4 Nf6 2. c4 e6 3. Nc3 Bb4 4. e3 O-O 5. Bd3 d5 6. Ne2 c5 7. cxd5 cxd4 8. exd4 Nxd5 9. O-O Nc6 10. a3 Be7 11. Nxd5 Qxd5 12. Be3 Rd8 13. Rc1 g6 14. Bc4 Qd6 15. b4 Bd7 16. Qb3 Bf6 17. Rfd1 Ne7 18. d5 Nxd5 19. Bxd5 exd5 20. Rxd5 Qe7 21. Qd3 Bc6 22.
Rxd8+ Rxd8 23. Qc2 a6 24. Rd1 Rxd1+ 25. Qxd1 Qe4 26.
Qf1 Qd3 27. Nd4 Qxa3 28. Nxc6 bxc6 29. Bc5 Qa1 30. Qxa1 Bxa1 31. Kf1 f5 32. Ke2 Kf7 33. Kd3 Ke6 34. Kc4 Be5 35. g3 f4 36.
Bf8 f3 37. Kd3 Kd5 38. Ke3 Bd6 39. Bxd6 Kxd6 40. Kxf3 c5 41. bxc5+ Kxc5 42. Ke4 a5 43. Kd3 Kd5 44. f4 h5 45. h3 a4 46. g4 h4 47.
Kc3 Ke4 48. f5 gxf5 49. g5 Ke5 50. Kb4 f4 51. Kxa4 f3 52. g6 Kf6 53. g7 Kxg7 54. Kb3 f2 0-1

[Event "*** MasterClass Titled Tuesday Blitz"]
[Site "Chess.com"]
[Date "2017.08.01"]
[Round "1"]
[White "kleinebeer98"]
[Black "Lord_Neezy"]
[Result "1-0"]
[WhiteElo "2467"]
[BlackElo "2158"]
[TimeControl "180+2"]
[EndTime "13:08:14 PDT"]
[Termination "kleinebeer98 won by resignation"]

1. e4 e6 2. d4 d5 3. Nd2 c5 4.
exd5 Qxd5 5. Ngf3 Nc6 6. dxc5 Bxc5 7. Bc4 Qd8 8. O-O a6 9. a4 Qc7 10. Ne4 Be7 11. Bg5 Nf6 12. Qe2 Nxe4 13. Qxe4 Bd7 14. Rfd1 Bxg5 15. Nxg5 Qe5 16. Qh4 Rd8 17. c3 h6 18. Nf3 Qc5 19. Rd2 b5 20. axb5 axb5 21.
Bf1 O-O 22. Rad1 Nb8 23. Qd4 Qc7 24. Ne5 Nc6 25. Nxc6 Bxc6 26. Qxd8 Rxd8 27. Rxd8+ Kh7 28. R8d4 Qe5 29. h4 Bd5 30. Bxb5 Bxg2 31. Bd3+ g6 32.
Kxg2 Qf6 33. Re1 Kg7 34. Be2 h5 35. Bf3 Qd8 36. Rxd8 1-0

[Event "*** MasterClass Titled Tuesday Blitz"]
[Site "Chess.com"]
[Date "2017.08.01"]
[Round "1"]
[White "ehrenfeld"]
[Black "pawnwonder"]
[Result "1-0"]
[WhiteElo "2403"]
[BlackElo "1862"]
[TimeControl "180+2"]
[EndTime "13:08:17 PDT"]
[Termination "ehrenfeld won by resignation"]

1. e4 c5 2. Nf3 Nc6 3. Bb5 g6 4. Bxc6 bxc6 5. O-O Bg7 6. Re1 Nh6 7. c3 O-O 8. d4 cxd4 9. cxd4 d5 10. Ne5 Qb6 11. exd5 cxd5 12. Nc3 e6 13. Na4 Qc7 14. Bf4 Qa5 15. Rc1 Nf5 16. a3 Bb7 17. Nc5 Bc8 18. Qd3 Qb6 19. Ncd7 Qxb2 20. Nxf8 Bxf8 21. Nc6 Qxa3 22. Qxa3 Bxa3 23. Ra1 Bb2 24. Ra2 Bxd4 25. g4 Bd7 26. Nb8 Nh4 27. Nxd7 Nf3+ 28. Kf1 Nxe1 29. Kxe1 Rc8 30. Be3 Bxe3 31. fxe3 Rc3 32. Kd2 Rb3 33. Ne5 Rb7 34. g5 Kg7 35. Ng4 Rb4 36. h3 Rb7 37.
Kd3 Rc7 38. Rb2 a5 39. Rb8 Ra7 40. Nf6 1-0

[Event "*** MasterClass Titled Tuesday Blitz"]
[Site "Chess.com"]
[Date "2017.08.01"]
[Round "1"]
[White "MITerryble"]
[Black "LawrenceTrent"]
[Result "1-0"]
[WhiteElo "2688"]
[BlackElo "2372"]
[TimeControl "180+2"]
[EndTime "13:08:21 PDT"]
[Termination "MITerryble won on time"]

1. d4 Nf6 2. Nf3 g6 3. Bg5 Bg7 4.
Nbd2 O-O 5. c3 d6 6. e4 c5 7. dxc5 dxc5 8. Bc4 Nc6 9. Qe2 h6 10. Bxf6 exf6 11. Nb3 Qc7 12. O-O b6 13. Nh4 Ne5 14.
Bd5 Bb7 15. f4 Bxd5 16. exd5 Nd7 17. f5 Rae8 18. Qb5 Re4 19. Nf3 Rfe8 20. Rad1 Bf8 21. Nbd2 Re2 22. Nc4 Bd6 23. Qc6 Bxh2+ 24. Nxh2 Qg3 25.
d6 R8e4 26. Ne3 Qxe3+ 27. Kh1 Qg3 28. Qxe4 Rxe4 29. Nf3 Ne5 30. d7 Nxd7 31. Rxd7 g5 32. Rd2 1-0

[Event "*** MasterClass Titled Tuesday Blitz"]
[Site "Chess.com"]
[Date "2017.08.01"]
[Round "1"]
[White "Rumpel-VK"]
[Black "Illingworth"]
[Result "1-0"]
[WhiteElo "2406"]
[BlackElo "2656"]
[TimeControl "180+2"]
[EndTime "13:08:22 PDT"]
[Termination "Rumpel-VK won by resignation"]

1. d4 d5 2. c4 c6 3. cxd5 cxd5 4.
Bf4 Nc6 5. e3 Bf5 6. Nc3 e6 7.
Qb3 Qd7 8. Nf3 f6 9. Be2 h5 10. h4 Nh6 11. Nd2 Nf7 12. Qd1 Bg6 13. Nb3 Rc8 14.
Bd3 Bxd3 15. Qxd3 e5 16. dxe5 fxe5 17. Bg3 Bb4 18. O-O Bxc3 19. bxc3 Ne7 20. Rfd1 g5 21. Rac1 Rg8 22. hxg5 Qg4 23. Qb5+ Kf8 24. Nc5 Rxg5 25.
Nd7+ Kg7 26. Qxb7 h4 27. Nxe5 Nxe5 28. Qxe7+ Nf7 29. Rd4 Qe2 30. Rf4 hxg3 31. Qxf7+ Kh6 32. Rf6+ 1-0

[Event "*** MasterClass Titled Tuesday Blitz"]
[Site "Chess.com"]
[Date "2017.08.01"]
[Round "1"]
[White "Rodalquilar"]
[Black "pedroholly22"]
[Result "1-0"]
[WhiteElo "2548"]
[BlackElo "2281"]
[TimeControl "180+2"]
[EndTime "13:08:23 PDT"]
[Termination "Rodalquilar won by checkmate"]

1. d4 Nf6 2. Bf4 e6 3. e3 Be7 4.
Nd2 c5 5. c3 d5 6. Ngf3 O-O 7.
Ne5 Nc6 8. Bd3 Bd7 9. Qf3 Be8 10. Qh3 g6 11. Bh6 Nxe5 12. dxe5 Nd7 13. Bxf8 Bxf8 14. f4 Qb6 15. Rb1 Qa5 16. a3 b5 17. Qf3 Rb8 18.
h4 b4 19. axb4 cxb4 20. c4 Nc5 21. Be2 Bc6 22. h5 b3 23. hxg6 hxg6 24. Qh3 Bg7 25. Rd1 Ne4 26. Bf3 Nxd2 27. Rxd2 Qa1+ 28. Kf2 Qa5 29. Rhd1 Rd8 30. cxd5 exd5 31. e6 f5 32. Qh4 d4 33. Bxc6 dxe3+ 34. Kxe3 Qc5+ 35. Ke2 Rxd2+ 36. Rxd2 Qc4+ 37. Kf2 Qc5+ 38. Ke2 Qc4+ 39. Kd1 Qxc6 40. Rd8+ Bf8 41. e7 Qd5+ 42. Rxd5 Bxe7 43. Qxe7 Kh8 44.
Rd8# 1-0

[Event "*** MasterClass Titled Tuesday Blitz"]
[Site "Chess.com"]
[Date "2017.08.01"]
[Round "1"]
[White "evgenysharapov"]
[Black "Malev212"]
[Result "1/2-1/2"]
[WhiteElo "2232"]
[BlackElo "2498"]
[TimeControl "180+2"]
[EndTime "13:08:31 PDT"]
[Termination "Game drawn by repetition"]

1. e4 g6 2. d4 Bg7 3. Nc3 c6 4. f4 d5 5. e5 Nh6 6. Nf3 f6 7. Be2 O-O 8. O-O Bg4 9. Be3 e6 10. h3 Bxf3 11. Bxf3 fxe5 12. fxe5 Nf5 13. Bf2 c5 14.
Ne2 cxd4 15. Nxd4 Nxd4 16. Bxd4 Nc6 17. c3 Nxe5 18. Bxe5 Bxe5 19. Qe2 Qd6 20. Rae1 Bh2+ 21. Kh1 Rae8 22. Bg4 Rxf1+ 23. Rxf1 Be5 24. Qf3 Qe7 25. Re1 Qc7 26. Qe3 h5 27. Bf3 Bf4 28. Qxa7 Bg3 29. Re2 Re7 30. Qd4 Kh7 31. Qf6 d4 32. Rxe6 Rxe6 33. Qxe6 dxc3 34. bxc3 Qc5 35. Be4 Qg5 36. Qf7+ Kh8 37. Qf8+ Kh7 38. Qf7+ Kh8 39. Qf8+ Kh7 40.
Qf7+ 1/2-1/2

[Event "*** MasterClass Titled Tuesday Blitz"]
[Site "Chess.com"]
[Date "2017.08.01"]
[Round "1"]
[White "chessdude"]
[Black "1lec"]
[Result "1-0"]
[WhiteElo "2417"]
[BlackElo "2029"]
[TimeControl "180+2"]
[EndTime "13:08:32 PDT"]
[Termination "chessdude won by resignation"]

1. e4 c5 2. Nf3 d6 3. d4 cxd4 4.
Nxd4 Nf6 5. Nc3 a6 6. h4 e5 7. Nb3 Be6 8. f4 Qc7 9. f5 Bc4 10.
g4 b5 11. a3 Nc6 12. g5 Nd7 13. Bxc4 bxc4 14. Nd5 Qb7 15. Nd2 Nd4 16. Nxc4 Rc8 17. Nce3 Nc5 18. Qg4 Ncb3 19. cxb3 Nxb3 20. Rb1 Nxc1 21.
O-O Nd3 22. Rfd1 Qb3 23. f6 Rc5 24. Qe2 Nf4 25. Nxf4 exf4 26. Rd3 Qb5 27. Nd5 gxf6 28. b4 Rc4 29. Nxf6+ Kd8 30. Rbd1 Be7 31. a4 Qe5 32. Rxd6+ Bxd6 33. Qxc4 Ke7 34. Qxa6 Rd8 35. Qb7+ Kf8 36.
Nd7+ Rxd7 37. Qxd7 Bb8 38. Qd8+ Kg7 39. Qf6+ Qxf6 40.
gxf6+ 1-0

[Event "*** MasterClass Titled Tuesday Blitz"]
[Site "Chess.com"]
[Date "2017.08.01"]
[Round "1"]
[White "Witik"]
[Black "AdrianaNikolova"]
[Result "1-0"]
[WhiteElo "2572"]
[BlackElo "2293"]
[TimeControl "180+2"]
[EndTime "13:08:36 PDT"]
[Termination "Witik won by resignation"]

1. e4 c5 2. Nf3 d6 3. Bb5+ Nc6 4. Bxc6+ bxc6 5. e5 dxe5 6. Nxe5 Qd4 7. Qe2 e6 8.
Nc3 Bb7 9. b3 Nf6 10. Bb2 Qh4 11. O-O-O Bd6 12. g3 Qb4 13. f4 O-O 14. h4 a5 15. a4 Nd5 16. Ne4 Bxe5 17. fxe5 Ba6 18. d3 Rab8 19. h5 h6 20. Rh4 Qb6 21. Nf6+ gxf6 22. exf6 Rfd8 23. Rg4+ Kf8 24. Qd2 Ke8 25.
Qxh6 Kd7 26. Rg7 Rf8 27. Qg6 Qb4 28. Rxf7+ Rxf7 29. Qxf7+ Kd6 30. h6 Qg4 31. h7 Qg5+ 32. Kb1 Qg4 33. Rh1 Bxd3 34. cxd3 Rxb3 35. Qf8+ Kc7 36. Qg7+ Qxg7 37. fxg7 Nc3+ 38. Kc2 Rxb2+ 39. Kxb2 Nxa4+ 40. Kc2 1-0

[Event "*** MasterClass Titled Tuesday Blitz"]
[Site "Chess.com"]
[Date "2017.08.01"]
[Round "1"]
[White "renanreis"]
[Black "lukas_111111"]
[Result "0-1"]
[WhiteElo "1986"]
[BlackElo "2407"]
[TimeControl "180+2"]
[EndTime "13:08:38 PDT"]
[Termination "lukas_111111 won on time"]

1. d4 Nf6 2. Bf4 e6 3. e3 b6 4.
Nf3 Bb7 5. Be2 c5 6. O-O Be7 7.
h3 O-O 8. c4 cxd4 9. exd4 d5 10. Nc3 Nc6 11. cxd5 Nxd5 12. Nxd5 Qxd5 13. Qa4 Rfd8 14.
Rfd1 a6 15. a3 b5 16. Qc2 Rac8 17. Qd2 Bf6 18. Be3 Ne7 19. Rac1 Nf5 20. Rxc8 Rxc8 21. Rc1 Rxc1+ 22. Qxc1 Nxd4 23. Bxd4 Bxd4 24. Qc7 g6 25.
Bf1 Bxb2 26. h4 h6 27. Qf4 Kg7 28. h5 Qxh5 29. Qd2 Bf6 30. Be2 Qd5 31. Qc2 Qd6 32. Qc1 Be7 33. Qb2+ Kg8 34. Qc3 Qxa3 35. Qc7 Bxf3 36.
Bxf3 Bd6 37. Qc8+ Kg7 38. Kf1 Qa1+ 39. Ke2 Qb2+ 40. Kf1 Qa1+ 41. Ke2 Qa2+ 42. Kd1 Qxf2 43. Qxa6 Bb4 44. Qa1+ Kh7 45. Qc1 Qd4+ 46. Ke2 Bc5 0-1

[Event "*** MasterClass Titled Tuesday Blitz"]
[Site "Chess.com"]
[Date "2017.08.01"]
[Round "1"]
[White "Jadro9"]
[Black "igorkovalenko"]
[Result "0-1"]
[WhiteElo "2343"]
[BlackElo "2663"]
[TimeControl "180+2"]
[EndTime "13:08:39 PDT"]
[Termination "igorkovalenko won by resignation"]

1. e4 e6 2. d4 d5 3. Nd2 c5 4.
exd5 Qxd5 5. Ngf3 cxd4 6. Bc4 Qd8 7. O-O Nc6 8. Nb3 a6 9. Nbxd4 Nxd4 10. Nxd4 Bd6 11.
h3 Ne7 12. Re1 Qc7 13. Bb3 O-O 14. Be3 Ng6 15. c3 Bd7 16. Qf3 Rae8 17. Rad1 Bc8 18. Bc1 Bh2+ 19. Kh1 Be5 20. Bc2 Rd8 21. Be3 b5 22.
Qh5 Bb7 23. Nf3 Bf6 24. Ng5 Bxg5 25. Qxg5 Rfe8 26. a4 Bc6 27. Qc5 Qb7 28. f3 bxa4 29. Bc1 Qb5 30. Qf2 Nf8 31. Rd4 Rxd4 32. Qxd4 e5 33. Qd6 Ng6 34. Bd3 Qb7 35. Bxg6 hxg6 36. Rxe5 Rxe5 37. Qxe5 Bxf3 38. Qg3 Bd5 39. Qf2 Be6 40.
Be3 Bxh3 41. Bd4 Be6 42. Kg1 Qb3 43. Qe2 a3 44. Qe5 f6 0-1

[Event "*** MasterClass Titled Tuesday Blitz"]
[Site "Chess.com"]
[Date "2017.08.01"]
[Round "1"]
[White "maciek_92"]
[Black "politeplayer"]
[Result "1-0"]
[WhiteElo "2503"]
[BlackElo "2217"]
[TimeControl "180+2"]
[EndTime "13:08:44 PDT"]
[Termination "maciek_92 won by checkmate"]

1. c4 e6 2. Nf3 d5 3. d4 Nf6 4. g3 c5 5. Bg2 Nc6 6. O-O Be7 7. cxd5 exd5 8. Nc3 O-O 9. Bg5 c4 10. Ne5 Be6 11.
e3 h6 12. Bxf6 Bxf6 13. f4 Bxe5 14. dxe5 Qb6 15. Qd2 d4 16. exd4 Nxd4 17. Kh1 Rad8 18. Qf2 Bf5 19. Rfd1 Bd3 20. Nd5 Qc5 21. b4 cxb3 22.
Rxd3 Rxd5 23. Bxd5 Qxd5+ 24. Kg1 b2 25. Rb1 Rc8 26.
Qxd4 Rc1+ 27. Kf2 Qh1 28. Rd1 Qxh2+ 29. Kf3 Qh5+ 30. Ke3 Rxd1 31. Qxd1 Qh2 32. Qd8+ Kh7 33. Qd3+ g6 34. Kd4 Qf2+ 35. Kc3 b5 36. Rxb2 Qe1+ 37. Rd2 a5 38. Qxb5 Qe3+ 39. Qd3 Qc5+ 40. Kb2 Qb4+ 41. Kc2 Qc5+ 42. Qc3 Qb5 43. a3 a4 44. Qd3 Qc5+ 45. Kd1 h5 46. e6 Qg1+ 47. Kc2 fxe6 48. Qc3 Qb6 49. Rd7+ Kh6 50. Qg7# 1-0

[Event "*** MasterClass Titled Tuesday Blitz"]
[Site "Chess.com"]
[Date "2017.08.01"]
[Round "1"]
[White "Makalexa"]
[Black "jb2mix"]
[Result "0-1"]
[WhiteElo "2154"]
[BlackElo "2465"]
[TimeControl "180+2"]
[EndTime "13:08:48 PDT"]
[Termination "jb2mix won on time"]

1. e4 e5 2. Nf3 Nc6 3. Bb5 a6 4. Ba4 Nf6 5. O-O b5 6. Bb3 Bb7 7. d3 Be7 8. a4 O-O 9. Nc3 b4 10. Ne2 d6 11. Ng3 Bc8 12. Bg5 Na5 13. Ba2 Be6 14. Nf5 Bxf5 15. exf5 Qd7 16. Bxf6 Bxf6 17.
g4 Be7 18. Qe2 b3 19. cxb3 Rab8 20. d4 exd4 21. Nxd4 Rb4 22. Nc2 Rf4 23. b4 Nc6 24.
Rfe1 Bf6 25. h3 Bh4 26. Rf1 Nxb4 27. Qd2 Bg5 28. Qc3 Nxc2 29. Qxc2 h5 30. f3 c6 31. Rac1 Rb4 32. Qxc6 Qa7+ 33. Kg2 Bxc1 34. Rxc1 Rxb2+ 35. Rc2 Qd4 36. Bd5 Rxc2+ 37. Qxc2 Qxd5 38. f6 gxf6 39. gxh5 Qxh5 40. Qd3 Qg6+ 0-1

[Event "*** MasterClass Titled Tuesday Blitz"]
[Site "Chess.com"]
[Date "2017.08.01"]
[Round "1"]
[White "prochn"]
[Black "LaStreetCmaMaison"]
[Result "1-0"]
[WhiteElo "2252"]
[BlackElo "2487"]
[TimeControl "180+2"]
[EndTime "13:08:49 PDT"]
[Termination "prochn won on time"]

1. d4 Nc6 2. d5 Ne5 3. Nf3 Nxf3+ 4. exf3 e6 5. c4 Nf6 6. Nc3 exd5 7. cxd5 Bc5 8. Bd3 h6 9. O-O O-O 10. Bc2 d6 11.
Qd3 Re8 12. Bf4 Bd7 13. Bg3 g6 14. Qd2 Kg7 15. Bf4 Rh8 16. Rfe1 Qf8 17. Ne4 Nxe4 18.
fxe4 Re8 19. Qc3+ Kh7 20. e5 Qg7 21. b4 Bb6 22. a4 a5 23. bxa5 Bc5 24. Rab1 Rb8 25. h4 Rhe8 26. h5 dxe5 27. Bxe5 Qf8 28. Bxc7 Rbc8 29. Qg3 Qg8 30. Rxe8 Rxe8 31. Rxb7 Re2 32.
hxg6+ fxg6 33. Bb6 Re1+ 34. Kh2 Bxb6 35. Rxd7+ Kh8 36.
Qc3+ Bd4 37. Qxd4+ 1-0

[Event "*** MasterClass Titled Tuesday Blitz"]
[Site "Chess.com"]
[Date "2017.08.01"]
[Round "1"]
[White "DanielNaroditsky"]
[Black "Ilja_Semjonovs"]
[Result "0-1"]
[WhiteElo "2826"]
[BlackElo "2403"]
[TimeControl "180+2"]
[EndTime "13:08:50 PDT"]
[Termination "Ilja_Semjonovs won by resignation"]

1. d4 Nf6 2. Nc3 c5 3. d5 d6 4. e4 Nbd7 5. g4 g6 6. g5 Nh5 7.
Nge2 Bg7 8. Ng3 Nxg3 9. hxg3 a6 10.
a4 Rb8 11. a5 b5 12. axb6 Qxb6 13. Be2 Qb4 14. O-O Bxc3 15. bxc3 Qxe4 16. Bf3 Qc4 17.
Bg2 Ne5 18. f4 Ng4 19. Qd3 Qxd3 20. cxd3 Rb3 21. Bd2 Rb2 22. Rfd1 O-O 23. Rab1 Rxb1 24. Rxb1 Bf5 25. Bf1 c4 26. Ra1 cxd3 27. Rxa6 Rb8 28. c4 f6 29. gxf6 Nxf6 30. Kf2 Rb2 31. Ke1 Ne4 32. Bxd3 Nxd2 33. Bxf5 gxf5 34. Ra7 Nf3+ 35. Kd1 Kf7 36. Ra3 Nh2 37. Re3 Ng4 38. Rf3 Rb4 39. Rc3 Rxc4 40. Ra3 Rd4+ 41. Ke2 Rxd5 42. Ra8 Rb5 43. Kf3 Rb3+ 44. Ke2 Rb2+ 45. Kf1 d5 46. Rd8 Ke6 47. Rh8 Nf6 48. Rd8 Rb3 49. Kg2 Ne4 50.
Kf1 Nxg3+ 51. Kf2 Ne4+ 52. Ke2 d4 53. Rxd4 h5 54. Rd8 Nf6 55. Rh8 Kd5 56. Rh6 Ke4 57.
Rh8 Kxf4 58. Kf1 Kf3 59. Ke1 Kg3 60. Rg8+ Ng4 61. Rg7 h4 62. Rxe7 h3 63. Rb7 Rxb7 0-1

[Event "*** MasterClass Titled Tuesday Blitz"]
[Site "Chess.com"]
[Date "2017.08.01"]
[Round "1"]
[White "Ar4uha"]
[Black "YaWaleriy"]
[Result "0-1"]
[WhiteElo "2462"]
[BlackElo "2201"]
[TimeControl "180+2"]
[EndTime "13:08:55 PDT"]
[Termination "YaWaleriy won by resignation"]

1. Nf3 d5 2. g3 e6 3. Bg2 Nf6 4. O-O Be7 5. c4 O-O 6. d4 c6 7. Nbd2 Nbd7 8. Qc2 b6 9. e4 Ba6 10. e5 Ne8 11. Rd1 Nc7 12. b3 c5 13. cxd5 Nxd5 14. dxc5 Nxc5 15. Nc4 Rc8 16. Bb2 Bb7 17. Qe2 b5 18. Ne3 Qb6 19. Rac1 Rfd8 20. Bd4 Qa5 21. Nxd5 Bxd5 22. Bc3 Qb6 23. Qe1 Qb7 24. Nh4 Bxg2 25. Nxg2 Ne4 26. Ba5 Rxd1 27. Rxd1 Ng5 28. Qe3 Nf3+ 29.
Kh1 h6 30. b4 Bg5 31. Qe2 Rc1 32. Rxc1 Bxc1 33. h4 h5 34. Qd1 Bd2 35. Nf4 Bxf4 36.
gxf4 Nxh4+ 37. f3 Qxf3+ 38. Qxf3 Nxf3 39. Kg2 Nd4 40. Kg3 Nc6 41. Bc7 Kh7 42. Bd6 Kg6 43. Kh4 a6 44. a3 Nd4 45. Kg3 Kf5 46. Bf8 g6 47. Bh6 Nc2 48. Kf3 Nxa3 49. Ke3 Nc4+ 50. Kd4 a5 51. bxa5 Nxa5 52. Bg5 Nc6+ 53. Kc5 Nxe5 54. Kxb5 Nd3 55. Kc4 Nxf4 56. Bd8 Nd5 57. Kd4 g5 58. Kd3 h4 59. Ke2 h3 60. Kf2 g4 61.
Kg3 Nf4 62. Bc7 Nh5+ 63. Kh2 e5 64. Bb6 f6 65. Bc5 Kf4 66. Bb4 Kf3 67. Be1 f5 68. Bh4 Nf4 69. Be1 e4 70. Bc3 g3+ 71. Kh1 g2+ 72.
Kh2 Ne2 73. Bd4 Nxd4 0-1

[Event "*** MasterClass Titled Tuesday Blitz"]
[Site "Chess.com"]
[Date "2017.08.01"]
[Round "1"]
[White "AndrewDGreen"]
[Black "Oneofmyturns"]
[Result "0-1"]
[WhiteElo "2179"]
[BlackElo "2477"]
[TimeControl "180+2"]
[EndTime "13:08:58 PDT"]
[Termination "Oneofmyturns won by resignation"]

1. d4 Nf6 2. Nf3 d5 3. Bf4 e6 4.
e3 Bd6 5. Bg3 c5 6. c3 Nc6 7.
Nbd2 O-O 8. Bd3 b6 9. O-O Bb7 10. Ne5 Ne7 11. f4 Nf5 12. Bf2 Be7 13. Qb1 Nd6 14. g4 c4 15. Bc2 b5 16. g5 Nfe4 17.
Nxe4 dxe4 18. b3 cxb3 19. axb3 f6 20. gxf6 gxf6 21. Ng4 h5 22. Qd1 Qe8 23. Nh6+ Kh7 24. Kh1 Kxh6 25. Rg1 Rg8 26. Qe2 a6 27. c4 Nf5 28. c5 Rxg1+ 29. Rxg1 Qf7 30. Rc1 Bd5 31. Bd1 Nxd4 32. Qd2 Nxb3 33. Bxb3 Bxb3 34. c6 Bd5 35. c7 Rc8 36. Qa5 Bd6 37. Qxa6 Rxc7 38. Rg1 Bxf4 39.
Qxb5 Rc2 40. Bg3 Bxe3 41. Rf1 Bc5 42. Bf4+ Kh7 43. Qb1 e3+ 44. Kg1 e2+ 45. Rf2 Qg6+ 46.
Bg3 0-1

[Event "*** MasterClass Titled Tuesday Blitz"]
[Site "Chess.com"]
[Date "2017.08.01"]
[Round "1"]
[White "FearlessKing64"]
[Black "Fablibi"]
[Result "0-1"]
[WhiteElo "2201"]
[BlackElo "2498"]
[TimeControl "180+2"]
[EndTime "13:08:59 PDT"]
[Termination "Fablibi won on time"]

1. e4 c5 2. Nf3 Nc6 3. d4 cxd4 4. Nxd4 e5 5. Nb5 d6 6. N1c3 a6 7. Na3 b5 8. Nd5 Nge7 9. c4 Nd4 10. Be3 Nxd5 11. exd5 Nf5 12. cxb5 Nxe3 13. fxe3 Qh4+ 14. Kd2 Be7 15. Nc2 O-O 16. bxa6 Bxa6 17. Bxa6 Rxa6 18. b4 Rb8 19. a4 Bg5 20. b5 Rab6 21. Qe2 Qe4 22. Qf3 Qc4 23. Rhc1 e4 24. Qf5 Qd3+ 25. Ke1 Bxe3 26. Nxe3 Qxe3+ 27. Kf1 g6 28. Rc8+ Kg7 29. Qd7 Qd3+ 30. Ke1 e3 31. Rd1 Qe4 32. Rc7 Qf4 33. Ke2 Qf2+ 34. Kd3 Ra8 35. Ra1 e2 36. Re1 Rxa4 37.
Rxe2 Qd4+ 38. Kc2 Ra2+ 39. Kb3 Qxd5+ 40. Kc3 Rxe2 0-1

[Event "*** MasterClass Titled Tuesday Blitz"]
[Site "Chess.com"]
[Date "2017.08.01"]
[Round "1"]
[White "Anton_Demchenko"]
[Black "backreg"]
[Result "0-1"]
[WhiteElo "2745"]
[BlackElo "2397"]
[TimeControl "180+2"]
[EndTime "13:09:07 PDT"]
[Termination "backreg won by resignation"]

1. e4 c5 2. Nf3 e6 3. d4 cxd4 4. Nxd4 Nf6 5. Nc3 Bb4 6. e5 Nd5 7. Bd2 Nxc3 8. bxc3 Be7 9. Qg4 O-O 10. Bd3 f5 11. Qg3 Nc6 12. O-O Bh4 13. Qe3 h6 14. Rfd1 Qc7 15. f4 Nxd4 16. cxd4 b6 17. d5 exd5 18. Bb4 Rf7 19. Be2 Bb7 20. Bh5 Qxc2 21. Bxf7+ Kxf7 22. Rd4 a5 23. Bd6 Rc8 24. Rd2 Qc3 25.
Qxc3 Rxc3 26. Rb1 Bd8 27. Kf2 Bc6 28. Rdb2 b5 29. Rxb5 Bxb5 30. Rxb5 Rc2+ 31. Kf3 Rxa2 32. Rb8 Be7 33. Bxe7 Kxe7 34. Rg8 Ra3+ 35. Ke2 g5 36.
Rg7+ Ke6 37. Rg6+ Ke7 38. fxg5 hxg5 39. Rxg5 Ke6 40. h4 Ra2+ 41. Kd3 Ra3+ 42. Ke2 Ra4 43. g3 Rg4 44. Rxg4 fxg4 45. Kd3 Kxe5 46. Kc3 d4+ 47. Kd3 a4 48. h5 a3 49. h6 Kf6 50. Kc2 d3+ 51.
Kxd3 a2 0-1

[Event "*** MasterClass Titled Tuesday Blitz"]
[Site "Chess.com"]
[Date "2017.08.01"]
[Round "1"]
[White "IIIlllII1llIl"]
[Black "Jungle_Jaguar"]
[Result "1-0"]
[WhiteElo "2619"]
[BlackElo "2322"]
[TimeControl "180+2"]
[EndTime "13:09:12 PDT"]
[Termination "IIIlllII1llIl won by checkmate"]

1. d4 Nf6 2. c4 e6 3. Nc3 d5 4. cxd5 exd5 5. Bg5 Be7 6. e3 Bf5 7. Qb3 c6 8. Qxb7 Nbd7 9. Qxc6 Rc8 10. Qa4 O-O 11.
Ba6 Rb8 12. Bb5 Nb6 13. Qd1 Ne4 14. Bxe7 Qxe7 15. Nge2 Nxc3 16. bxc3 Nc4 17. Bxc4 dxc4 18. Qc1 Bd3 19. Nf4 Rb5 20. Nxd3 cxd3 21. O-O Rg5 22. Qd2 Qe4 23. f3 Qh4 24. Qxd3 Re8 25. e4 Re6 26. f4 Rh5 27. h3 Rg6 28. Rf3 h6 29. d5 Qd8 30. e5 Qb6+ 31. Qe3 Qb2 32. Rf2 Qxa1+ 33.
Kh2 Qd1 34. d6 Qd5 35. Rd2 Qa8 36. d7 Qd8 37. Qc5 Kh7 38. Qe3 Qh4 39. Qe4 Qd8 40.
f5 Rgg5 41. g4 Rh4 42. Kg3 Rgxg4+ 43. hxg4 h5 44. f6+ g6 45. Kxh4 Qb6 46. d8=Q Qg1 47. Qxg6+ Kxg6 48. Qg8+ Kh6 49. Qg7# 1-0

[Event "*** MasterClass Titled Tuesday Blitz"]
[Site "Chess.com"]
[Date "2017.08.01"]
[Round "1"]
[White "Chess64Surfer"]
[Black "Me_ch_an"]
[Result "0-1"]
[WhiteElo "2024"]
[BlackElo "2413"]
[TimeControl "180+2"]
[EndTime "13:09:16 PDT"]
[Termination "Me_ch_an won on time"]

1. d4 d5 2. Bf4 c5 3. e3 Nc6 4. c3 Qb6 5. Qb3 c4 6. Qxb6 axb6 7. f3 Nf6 8. Nd2 b5 9. e4 e6 10. Ne2 b4 11. g4 bxc3 12. bxc3 Ba3 13. g5 Nd7 14.
Rb1 f6 15. Bh3 Kf7 16. Kf2 fxg5 17. Bxg5 Ra7 18. exd5 exd5 19. Nf4 Be7 20. Be6+ Kf8 21. Bxe7+ Nxe7 22. Nxd5 Rxa2 23. Ke3 g6 24. Ra1 Rxa1 25. Rxa1 b5 26. Ra8 Nxd5+ 27. Bxd5 Nb6 28. Bc6 Nxa8 29. Bxa8 Ke7 30. Ne4 Bd7 31. Bd5 Rb8 32. Ng5 h6 33. Nf7 h5 34. Ne5 Kd6 35. Be4 Bf5 36. Nxg6 Bxg6 37.
Bxg6 h4 38. h3 b4 39. cxb4 Rxb4 0-1

[Event "*** MasterClass Titled Tuesday Blitz"]
[Site "Chess.com"]
[Date "2017.08.01"]
[Round "1"]
[White "CookiesAndIceCream"]
[Black "MaestroASK"]
[Result "0-1"]
[WhiteElo "2168"]
[BlackElo "2477"]
[TimeControl "180+2"]
[EndTime "13:09:17 PDT"]
[Termination "MaestroASK won by resignation"]

1. e4 d6 2. d4 g6 3. Nc3 c6 4.
Nf3 Bg7 5. Be2 e5 6. O-O f6 7.
a4 a5 8. Be3 Bh6 9. Qd2 Bxe3 10.
Qxe3 Nd7 11. Rad1 Qe7 12. Bc4 Kf8 13. Rfe1 Kg7 14. Ba2 Nh6 15. Nd2 Re8 16. f3 Nf7 17. Nc4 Ra6 18. d5 c5 19. Nb5 Nb6 20. Nxb6 Rxb6 21.
Qc3 Ra6 22. Bc4 Ra8 23. Bf1 Rf8 24. Kh1 b6 25. Bd3 Bd7 26. Rf1 Bxb5 27. Bxb5 Nh6 28. Qe3 f5 29. Rd3 fxe4 30. Qxe4 Rf4 31. Qe3 Nf5 32. Qf2 Nd4 33. Bc4 Raf8 34. c3 Nf5 35. Bb5 Nh6 36. Qg3 Qh4 37. Kg1 Qxg3 38. hxg3 R4f7 39.
Re1 Nf5 40. Kf2 h5 41. Re4 g5 42. Rd1 Rh8 43. Rh1 Ne7 44. Rd1 h4 45. gxh4 Rxh4 46. Rxh4 gxh4 47. g3 hxg3+ 48. Kxg3 Rf6 49. Kf2 e4 50.
Be2 Ng6 51. Ke3 exf3 52. Bxf3 Ne5 53. Be4 Nc4+ 54. Ke2 Nxb2 55. Rb1 Nxa4 56. Kd3 Rh6 57. Kc4 Rh3 58. Rb3 Rg3 59. Kb5 Nxc3+ 60. Kxb6 Nxe4 61. Rb5 a4 62. Ra5 a3 63. Kc7 Kf6 64. Ra4 Ke5 0-1

[Event "*** MasterClass Titled Tuesday Blitz"]
[Site "Chess.com"]
[Date "2017.08.01"]
[Round "1"]
[White "Rickstereo"]
[Black "TregubovP"]
[Result "0-1"]
[WhiteElo "2131"]
[BlackElo "2454"]
[TimeControl "180+2"]
[EndTime "13:09:17 PDT"]
[Termination "TregubovP won on time"]

1. c4 c5 2. Nf3 Nc6 3. Nc3 e5 4. e3 Nf6 5. d4 cxd4 6. exd4 e4 7.
Ng5 Bb4 8. Bd2 Bxc3 9. Bxc3 h6 10. d5 hxg5 11. dxc6 dxc6 12. Qxd8+ Kxd8 13. O-O-O+ Ke7 14. Bb4+ Ke8 15. Be2 Be6 16. Bd6 Rd8 17. Rhe1 Rxd6 18. Rxd6 Rxh2 19. Bf1 Ke7 20. Red1 Ng4 21. R6d2 Ne5 22.
b3 f5 23. Kb2 c5 24. Kc3 Nc6 25. a3 Nd4 26. b4 b6 27. bxc5 bxc5 28. Rb2 Kf6 29.
Rb7 f4 30. Rxa7 f3 31. gxf3 exf3 32. Rc7 Rxf2 33. Rxc5 Nf5 34. Bd3 g4 35. Re1 g6 0-1

[Event "*** MasterClass Titled Tuesday Blitz"]
[Site "Chess.com"]
[Date "2017.08.01"]
[Round "1"]
[White "silverback96"]
[Black "BIG_Pirate"]
[Result "1-0"]
[WhiteElo "2128"]
[BlackElo "2421"]
[TimeControl "180+2"]
[EndTime "13:09:23 PDT"]
[Termination "silverback96 won by resignation"]

1. Nf3 d5 2. c4 c6 3. g3 Nf6 4.
Bg2 Bg4 5. O-O e6 6. h3 Bh5 7.
d4 Nbd7 8. cxd5 cxd5 9. Qb3 Qb6 10. Bf4 Qxb3 11. axb3 a6 12. Rc1 Be7 13. Rc7 Rb8 14. g4 Bg6 15. Bh2 Bd8 16. Rc1 Ra8 17. Bd6 Ne4 18.
Ba3 Bb6 19. Nc3 Kd8 20. Na4 Rc8 21. Ne5 Bxd4 22. Nxg6 hxg6 23. Bxe4 dxe4 24. Rd1 Ba7 25. Bb4 Rxh3 26. Bc3 Ke7 27. Kg2 Rh7 28. Bb4+ Ke8 29. e3 Ne5 30. Bd6 Nxg4 31. b4 f5 32. Bc5 Rh2+ 33.
Kg3 Bb8+ 34. Bd6 Rxf2 35. Bxb8 Rf3+ 36. Kh4 Rxb8 37. Nc5 Nf2 38. Rd7 Rh3+ 39. Kg5 Rg3+ 40. Kf4 Rf3+ 41. Ke5 Nd3+ 42. Kxe6 Nxc5+ 43. bxc5 Rc8 44. Rh1 Rc6+ 45. Rd6 1-0